 Dungeon Crawl Stone Soup version 0.31-a0-358-gac0dbeb3ab (webtiles) character file.

Game seed: 13387333161563881573

1 innerfire43 the Trooper (level 1, -19/18 HPs)
             Began as a Demonspawn Monk on July 25, 2023.
             Demolished by a kobold
             ... wielding a +1 whip of electrocution
              (20 damage)
             ... on level 1 of the Dungeon.
             The game lasted 00:00:08 (35 turns).

innerfire43 the Trooper (Demonspawn Monk)             Turns: 35, Time: 00:00:10

Health: -19/18     AC:  2    Str: 11    XL:     1   Next: 16%
Magic:  1/1        EV: 13    Int: 11    God:
Gold:   4          SH:  0    Dex: 15    Spells: 0/0 levels left

rFire   . . .        a - +0 hand axe
rCold   . . .        d - orb {light}
rNeg    . . .        b - +0 robe
rPois   .            (no helmet)
rElec   .            (no cloak)
rCorr   .            (no gloves)
SInv    .            (no boots)
Will    .....        (no amulet)
Stlth   +            (no ring)
HPRegen 0.23/turn    (no ring)
MPRegen 0.07/turn

%: no passive effects
@: glowing
A: no striking features
a: no special abilities


You were on level 1 of the Dungeon.
You visited 1 branch of the dungeon, and saw 1 of its levels.

You collected 4 gold pieces.

Inventory:

Hand Weapons
 a - a +0 hand axe (weapon)
Armour
 b - a +0 robe (worn)
 d - an orb of light (worn)
Potions
 c - a potion of ambrosia


   Skills:
 + Level 3.0 Fighting
 + Level 2.7 Axes
 + Level 2.7 Dodging


You couldn't memorise any spells.
You didn't know any spells.
Your spell library was empty.

Dungeon Overview and Level Annotations

Branches:
Dungeon (1/15)

Altars:


Message History

There are monsters nearby!
The hobgoblin shouts!
You hit the hobgoblin.
The hobgoblin is heavily wounded.
You hit the goblin. The goblin closely misses you.
The hobgoblin completely misses you.
There are monsters nearby!
You hit the hobgoblin but do no damage.
The hobgoblin is heavily wounded.
You barely miss the goblin. The goblin hits you with a +0 club.
The hobgoblin misses you. The quokka closely misses you.
You hit the hobgoblin.
The hobgoblin is almost dead.
You hit the quokka but do no damage. You barely miss the goblin.
The hobgoblin hits you. The goblin barely misses you. The quokka bites you.
You are too injured to fight recklessly!
The quokka attacks as you move away! The quokka closely misses you.
The quokka closely misses you.
There is an open door here.
You barely miss the quokka. You hit the goblin. You barely miss the rat.
The rat barely misses you. The goblin hits you but does no damage.
The quokka closely misses you.
You hit the quokka.
The quokka is almost dead.
You hit the rat. You hit the goblin.
You kill the goblin!
The quokka bites you. The rat bites you.
You hit the quokka.
You kill the quokka!
You hit the rat.
You kill the rat!
You hit the kobold but do no damage. The kobold closely misses you.
The hobgoblin hits you.
* * * LOW HITPOINT WARNING * * *
The hobgoblin barely misses you.
The kobold hits you with a +1 whip of electrocution.
* * * LOW HITPOINT WARNING * * *
You are electrocuted!!
Ouch! That really hurt!
You die...

#.........#
#.........##
#).........#
#..).......#
#.....>....####
..........)...#.
................
.......ggK......
########@###########
... +8.8'........#
.... #...#........#
⌠....##+##....⌠...#
.................##
##....<....######
##.......##
#########


You could see 2 hobgoblins and a kobold.

Vanquished Creatures
  A goblin (D:1)
  A quokka (D:1)
  A rat (D:1)
3 creatures vanquished.

Notes
Turn   | Place    | Note
-------+----------+-------------------------------------------
     0 | D:1      | innerfire43 the Demonspawn Monk began the quest for the
                  | Orb.
     0 | D:1      | Reached XP level 1. HP: 18/18 MP: 1/1
    35 | D:1      | Demolished by a kobold

Illustrated notes

Levels and vault maps discovered:
D:1:      giann_wishing_wells, layout_rooms

Action                     || total
---------------------------++-------
  Melee: Hand axe          ||     7
 Armour: Robe              ||     1
  Dodge: Dodged            ||    14

Table legend: (Time is in decaauts)
 A = Elapsed time spent in this place.
 B = Non-inter-level travel time spent in this place.
 C = Inter-level travel time spent in this place.
 D = Time resting spent in this place.
 E = Time spent auto-exploring this place.
 F = Levels seen in this place.
 G = Mean time per level.
                   A        B        C        D        E       F      G
               +--------+--------+--------+--------+--------+-----+--------+
         Total |     35 |     35 |      0 |      0 |     22 |   1 |   35.0 |
       Dungeon |     35 |     35 |      0 |      0 |     22 |   1 |   35.0 |
               +--------+--------+--------+--------+--------+-----+--------+

Top non-repeatable levels by time:
     D:1: 35 daAuts
